 Dungeon Crawl Stone Soup version 0.24-a0-580-g6a6c3f83c1 (webtiles) character file.

Game seed: 9886359221115530177

135 Gynju the Archer (level 4, -1/36 HPs)
             Began as a Centaur Hunter on Aug 21, 2019.
             Hit by a boomerang thrown by an orc (2 damage)
             ... on level 3 of the Dungeon.
             The game lasted 00:05:08 (3220 turns).

Gynju the Archer (Centaur Hunter)                   Turns: 3220, Time: 00:05:09

Health: -1/36      AC:  5    Str: 15    XL:     4   Next: 96%
Magic:  4/4        EV:  9    Int: 10    God:
Gold:   166        SH:  0    Dex: 10    Spells: 3/3 levels left

rFire    . . .     SeeInvis .   a - +1 shortbow
rCold    . . .     Gourm    .   (shield currently unavailable)
rNeg     . . .     Faith    .   c - +0 leather armour
rPois    .         Spirit   .   m - +0 helmet
rElec    .         Reflect  .   (no cloak)
rCorr    .         Harm     .   (no gloves)
MR       .....                  (no barding)
Stlth    +.........             (no amulet)
HPRegen  0.12/turn              (no ring)
MPRegen  0.09/turn              (no ring)

@: very quick
A: large, hooves 3, deformed body, speed 2, tough skin 3
a: no special abilities


You were on level 3 of the Dungeon.
You were very hungry.

You visited 1 branch of the dungeon, and saw 3 of its levels.

You collected 166 gold pieces.

Inventory:

Hand Weapons
 a - a +1 shortbow (weapon)
 b - a +0 long sword
Missiles
 d - 84 arrows (quivered)
Armour
 c - a +0 leather armour (worn)
 m - a +0 helmet (worn)
Jewellery
 l - an uncursed ring of protection from magic {unknown}
 o - a +4 ring of dexterity {unknown}
Scrolls
 h - 4 scrolls of identify {unknown}
 i - a scroll of fear {unknown}
 k - a scroll of teleportation {unknown}
 n - 3 scrolls of enchant weapon {unknown}
Potions
 e - 2 potions of berserk rage {unknown}
 j - a potion of flight {unknown}
 p - 2 potions of heal wounds {unknown}
Comestibles
 f - 7 rations


   Skills:
 - Level 2.0 Fighting
 + Level 8.3 Bows
 - Level 1.3 Dodging
 - Level 0.4 Stealth


You had 3 spell levels left.
You didn't know any spells.
Your spell library was empty.

Dungeon Overview and Level Annotations

Branches:
Dungeon (3/15)

Altars:
Ashenzari
Hepliaklqana
Kikubaaqudgha
Vehumet


Innate Abilities, Weirdness & Mutations

You have hooves in place of feet.
Armour fits poorly on your strangely shaped body.
You cover ground very quickly.
You have extremely tough skin. (AC +3)


Message History

The orc throws a boomerang.
The boomerang closely misses you.
The weapon returns to the orc!
The orc throws a boomerang.
The boomerang barely misses you.
The weapon returns to the orc!
The orc throws a boomerang.
The boomerang barely misses you.
The weapon returns to the orc!
There is an escape hatch in the ceiling here.
a - a +1 shortbow (weapon)
You are too injured to fight recklessly!
Firing (i - inventory)
d - 85 arrows (quivered)
Press: ? - help, Shift-Dir - straight line, f - orc
Aim: an orc, wielding a +1 hand axe of chopping You shoot an arrow.
The arrow hits the orc.
You kill the orc!
You are feeling very hungry.
The orc priest mumbles some strange prayers to Beogh against you.
Beogh smites you!
* * * LOW HITPOINT WARNING * * *
The orc throws a boomerang.
The boomerang hits you.
You die...

o#.).##.##
########.....#.#..##
.###..#..#
######....(......
.o.##oo.o##
#......########.. ##.#
##...#######.###.## ###
#.# #.o..#.........# #
##o#####..o...####.####
# ........#.o.(####..#
.#...#....##......##
###.###.#####...@##
.#...#.........#..#
..._....######.##.##
.#...#..## #.....#
###.###..#
####..#######
.#...#...## #........##
..........#
##........##
#.........#
#..........###
.....)....#
#............#


You could see 2 orc priests and an orc.

Vanquished Creatures
  Terence (D:2)
  Robin (D:1)
  3 adders
  2 worms (D:2)
  A dart slug (D:2)
  A leopard gecko (D:1)
  2 orcs (D:3)
  2 bats (D:3)
  5 giant cockroaches
  21 goblins
  4 hobgoblins
  3 jackals (D:2)
  3 kobolds (D:3)
  A quokka (D:2)
  2 frilled lizards (D:2)
  8 rats
60 creatures vanquished.

Notes
Turn   | Place    | Note
-------+----------+-------------------------------------------
     0 | D:1      | Gynju the Centaur Hunter began the quest for the Orb.
     0 | D:1      | Reached XP level 1. HP: 17/17 MP: 1/1
   440 | D:1      | Reached XP level 2. HP: 24/24 MP: 2/2
   583 | D:1      | Reached skill level 6 in Bows
  1307 | D:1      | Reached XP level 3. HP: 23/29 MP: 3/3
  1514 | D:2      | Noticed Robin
  1551 | D:2      | Reached skill level 7 in Bows
  1559 | D:1      | Killed Robin
  1880 | D:2      | Found an ancient bone altar of Kikubaaqudgha.
  1991 | D:2      | Reached XP level 4. HP: 35/36 MP: 4/4
  2089 | D:2      | Found a hazy altar of Hepliaklqana.
  2469 | D:2      | Found a shattered altar of Ashenzari.
  2591 | D:3      | Noticed Terence
  2623 | D:2      | Reached skill level 8 in Bows
  2834 | D:2      | Killed Terence
  3166 | D:3      | Found a radiant altar of Vehumet.
  3220 | D:3      | HP: 1/36 [orc priest/divine providence (13)]
  3220 | D:3      | Hit by a boomerang thrown by an orc

Levels and vault maps discovered:
D:1:      lightli_arrival_farm, layout_basic, minmay_stone_trees_medium
D:2:      layout_rooms, marbit_many_paths, overflow_temple_1_default,
          old_standard_altar, uniq_robin
D:3:      layout_rooms, vehumet_crystals, uniq_terence, uniq_grinder,
          uniq_natasha

Skill      XL: |  1  2  3  4 |
---------------+-------------+-----
Bows           | 6 7 8 |  8.3
Fighting       | |  2.0
Dodging        | |  1.3
Stealth        | |  0.4

Action                   |  1- 3 |  4- 6 || total
-------------------------+-------+-------++-------
Melee: Short sword       |    59 |       ||    59
       Kick              |    12 |    21 ||    33
       Spear             |    49 |    46 ||    95
       Long sword        |       |    31 ||    31
 Fire: Shortbow          |    28 |     4 ||    32
  Eat: Chunk             |     3 |     2 ||     5
Armor: Leather armour    |    47 |    19 ||    66
Dodge: Dodged            |    55 |    37 ||    92
       Rpst.: Long sword |       |     7 ||     7

Table legend:
 A = Non-vault XP
 B = Vault XP
 C = Vault XP percentage of total XP
 D = Non-vault monster count
 E = Vault monster count
 F = Vault count percentage of total count
                 A         B        C        D         E       F
            +---------+---------+-------+---------+---------+-------
      Total |     120 |      73 |  37.8 |      45 |      15 |  25.0
            +---------+---------+-------+---------+---------+-------
        D:1 |      39 |      22 |  36.1 |      15 |       5 |  25.0
        D:2 |      62 |      51 |  45.1 |      21 |      10 |  32.3
        D:3 |      19 |       0 |   0.0 |       9 |       0 |   0.0
            +---------+---------+-------+---------+---------+-------
